AoeStats
← IdliDosa

Arena

506688973Analyzed
2v2 RM · 17d ago on Sep 14, 2026· 49m 26s· 4 players
Game mode
Random Map
Map size
Medium (4 player)
Population
200
Speed
Normal
Resources
Standard
Victory
Conquest
Starting age
Dark Age
Ending age
Imperial Age
RankedLock teamsTeams togetherTeam positionsShared explorationLock speedFull tech treeHidden civsTurbo modeCheats
Victory
Defeat
🇮🇳 Japanese · India
1222
+13
🇨🇴 Teutons · Colombia
1186
+14
🇨🇭 Bohemians · Switzerland
1165
-14
🇵🇹 Japanese · Portugal
1140
-13
bixo
10:52 Feudal Age
12:30 Double-Bit Axe
12:47 Horse Collar
15:13 Castle Age
13:02 Horse Collar
15:38 Loom
16:28 Bow Saw
18:22 Forging
18:12 Scale Mail Armor
19:17 Gold Mining
25:49 Chain Mail Armor
26:06 Heavy Plow
28:20 Wheelbarrow
29:37 Iron Casting
33:01 Hand Cart
32:32 Town Watch
35:25 Hand Cart
38:24 Imperial Age
36:05 Fletching
36:16 Padded Archer Armor
36:47 Thumb Ring
37:47 Crossbowman
39:09 Bodkin Arrow
39:31 Leather Archer Armor
40:08 Gold Shaft Mining
39:23 Stone Mining
41:35 Arbalester
41:58 Onager
43:29 Kataparuto
44:23 Stone Mining
45:34 Two-Man Saw
44:51 Bracer
45:22 Ring Archer Armor
45:31 Heavy Scorpion
47:13 Yasama
46:33 Elite Samurai
49:00 Blast Furnace
48:30 Plate Mail Armor
47:47 Arson
48:02 Squires
47:48 Gambesons
47:45 Elite Samurai
rarra
10:23 Feudal Age
10:50 Double-Bit Axe
10:47 Horse Collar
17:22 Castle Age
18:47 Bow Saw
18:56 Heavy Plow
19:10 Fervor
19:14 Loom
20:59 Loom
22:09 Sanctity
22:36 Wheelbarrow
22:35 Town Watch
25:40 Hand Cart
31:26 Imperial Age
30:06 Chemistry
31:59 Fletching
32:43 Ballistics
32:07 Pikeman
32:47 Squires
34:47 Halberdier
36:18 Elite Hussite Wagon
38:27 Wagenburg Tactics
39:08 Siege Engineers
39:14 Masonry
39:27 Conscription
39:21 Hussite Reforms
39:36 Conscription
38:47 Houfnice
39:51 Padded Archer Armor
39:47 Bodkin Arrow
41:43 Redemption
41:54 Sanctity
42:05 Fortified Wall
IdliDosa
11:43 Feudal Age
12:56 Double-Bit Axe
15:19 Castle Age
13:16 Horse Collar
16:25 Bow Saw
16:41 Loom
17:01 Heavy Plow
20:37 Scale Mail Armor
24:50 Chain Mail Armor
26:04 Wheelbarrow
26:30 Forging
27:05 Squires
27:07 Arson
29:07 Iron Casting
30:32 Town Watch
32:04 Gold Mining
32:04 Stone Mining
34:11 Hand Cart
38:43 Imperial Age
39:42 Gold Shaft Mining
39:56 Plate Mail Armor
40:26 Blast Furnace
39:49 Conscription
40:25 Elite Samurai
43:07 Blast Furnace
42:07 Capped Ram
43:39 Ballistics
43:21 Padded Archer Armor
43:12 Fletching
48:56 Hoardings
48:18 Bodkin Arrow
48:39 Leather Archer Armor
49:34 Kataparuto
49:24 Siege Engineers
50:42 Chemistry
Diegonorreea
7:42 Loom
12:49 Feudal Age
17:55 Castle Age
15:38 Horse Collar
16:05 Double-Bit Axe
17:16 Stone Mining
17:18 Gold Mining
19:09 Wheelbarrow
19:22 Bow Saw
24:42 Imperial Age
23:22 Town Watch
25:15 Scale Mail Armor
25:15 Padded Archer Armor
25:08 Capped Ram
28:41 Chain Mail Armor
28:41 Leather Archer Armor
30:04 Plate Mail Armor
33:28 Two-Man Saw
35:14 Scale Barding Armor
35:19 Forging
35:40 Ring Archer Armor
36:27 Hand Cart
36:13 Town Patrol
38:31 Bloodlines
37:56 Onager
38:39 Cavalier
41:00 Paladin
47:19 Chain Barding Armor
47:34 Iron Casting
49:04 Plate Barding Armor
49:23 Stone Mining
Connection lost

Rejoining the realm…

Still unreachable

The connection could not be restored.

Session expired

The server has moved on; the page needs a fresh start.